 Dungeon Crawl Stone Soup version 0.32-a0-913-g739538afd8 (webtiles) character file.

Game seed: 14060366027056340385

4151 Fractals the Fighter (level 10, -1/94 HPs)
             Began as a Mountain Dwarf Berserker on Apr 8, 2024.
             Was an Elder of Trog.
             Killed by divine providence
             ... invoked by a meliai
              (13 damage)
             ... on level 7 of the Dungeon.
             The game lasted 00:22:49 (8536 turns).

Fractals the Fighter (Mountain Dwarf Berserker)     Turns: 8536, Time: 00:22:49

Health: -1/94      AC: 23    Str: 24    XL:     10   Next: 7%
Magic:  10/10      EV:  9    Int:  8    God:    Trog [****..]
Gold:   277        SH:  5    Dex: 11    Spells: 9/9 levels left

rFire   + . .        r - +0 war axe
rCold   . . .        g - +0 buckler
rNeg    . . .        l - +8 chain mail of Delightful Birdsong {rF+ Regen+ Str+2}
rPois   +            b - +0 helmet
rElec   .            q - +1 cloak {Stlth+}
rCorr   .            A - +0 pair of gloves
SInv    +            y - +0 pair of boots
Will    +++..        (no amulet) Stlth
                     o - ring of see invisible
HPRegen 2.15/turn    v - ring of poison resistance
MPRegen 0.12/turn

%: no passive effects
@: strong-willed, regenerating
A: runic magic, artefact enchanting
a: Renounce Religion, Berserk, Trog's Hand, Brothers in Arms


You were on level 7 of the Dungeon.
You worshipped Trog.
Trog was greatly pleased with you.
You visited 1 branch of the dungeon, and saw 8 of its levels.

You collected 390 gold pieces.
You spent 113 gold pieces at shops.

Inventory:

Hand Weapons
 r - a +0 war axe (weapon)
Armour
 b - a +0 helmet (worn)
 g - a +0 buckler (worn)
 l - the +8 chain mail of Delightful Birdsong (worn) {rF+ Regen+ Str+2}
   (You took it off Robin on level 2 of the Dungeon)

   Str+2:     It affects your strength (+2).
   rF+:       It protects you from fire.
   Regen+:    It increases your rate of health regeneration.
 q - a +1 cloak of stealth (worn)
 y - a +0 pair of boots (worn)
 A - a +0 pair of gloves (worn)
Jewellery
 o - a ring of see invisible (left hand)
 v - a ring of poison resistance (right hand)
 w - a +6 ring of dexterity
 x - a +6 ring of strength
 C - a ring of flight
Wands
 p - a wand of warping (13)
 s - a wand of flame (16)
Scrolls
 a - 2 scrolls of identify
 d - a scroll of blinking
 e - a scroll of vulnerability
 h - 3 scrolls of teleportation
 j - 3 scrolls of immolation
 t - 2 scrolls of enchant armour
Potions
 c - 4 potions of heal wounds
 f - 3 potions of lignification
 i - 2 potions of resistance
 k - 3 potions of haste
 m - a potion of curing
 n - 2 potions of ambrosia
 u - a potion of enlightenment {unknown}
 z - a potion of brilliance {unknown}
 B - 2 potions of magic
 D - a potion of might {unknown}


   Skills:
 + Level 10.9 Fighting
 - Level 8.0 Axes
 - Level 4.0 Armour
 + Level 5.1 Dodging
 - Level 5.5 Shields
 - Level 3.0 Evocations


You had 9 spell levels left.
You didn't know any spells.
Your spell library was empty.

Dungeon Overview and Level Annotations

Branches:
Dungeon (8/15)             Temple (0/1) D:6
   Lair: D:8-11

Altars:
Elyvilon
Fedhas
Vehumet
Wu Jian

Shops:
D:1 *   D:2 ?   D:6 [

Annotations:
D:2 1 runed translucent door, Crazy Yiuf
D:3 exclusion: statue
D:5 2 transporters
D:6 2 transporters


Innate Abilities, Weirdness & Mutations

Your spellcasting is much less encumbered by armour.
You can use scrolls of enchantment on lesser artefacts.


Message History

The meliai barely misses you.
The meliai stings you but does no damage.
The meliai calls down the wrath of its god upon you.
Something smites you! The meliai attacks as it pursues you!
The meliai hits you with a +0 war axe. You block the meliai's attack.
The meliai invokes the aid of its god against you.
Something smites you! The meliai hits you but does no damage.
You block the meliai's attack.
The meliai invokes the aid of its god against you.
Something smites you!
* * * LOW HITPOINT WARNING * * *
The meliai closely misses you. The meliai stings you.
* * * LOW HITPOINT WARNING * * *
You feel much better. The meliai hits you with a +0 war axe!
The meliai stings you but does no damage.
You block the meliai's attack. The meliai stings you.
The meliai barely misses you.
The meliai stings you but does no damage.
The meliai invokes the aid of its god against you.
Something smites you!
* * * LOW HITPOINT WARNING * * *
The meliai hits you with a +0 war axe!
* * * LOW HITPOINT WARNING * * *
The meliai stings you but does no damage.
There is a stone staircase leading up here.
Unknown command.
The meliai hits you with a +0 war axe!
* * * LOW HITPOINT WARNING * * *
The meliai stings you but does no damage.
The meliai closely misses you.
The meliai stings you but does no damage.
You climb upwards.
There is a stone staircase leading down here.
Your skin crawls.
You feel strong-willed. The meliai hits you but does no damage.
The meliai closely misses you.
The meliai calls down the wrath of its god upon you.
Something smites you!
You die...

#..###[##
########...##
.###.#<.###
##...#
#####.....#
##..##
......##..#
##..##
......###.#
##(.##
....#.##..#
##..##
....#.###.#
##..##
....#..##.#
##..## ###
..........#
#@..# ##.#
.#.#..###.#
#.y.####.##
##.#..##..#
#....#..##
...#......#
##.....##
#.#....####
###...#
.###.##.##
##..#
.....#.#.#
##.#
......##.#
###
)<..#..###


You could see a meliai.

Vanquished Creatures
  2 meliai (D:7)
  A troll (D:8)
  Sigmund (D:2)
  2 steam dragons
  2 water moccasins
  3 orc warriors
  2 black bears
  A sky beast (D:7)
  3 ogres
  3 phantoms (D:5)
  2 kobold brigands (D:6)
  2 bullfrogs
  6 scorpions
  An electric eel (D:6)
  2 jellies (D:7)
  An orc priest (D:6)
  2 bombardier beetles (D:5)
  2 hounds (D:5)
  2 gnoll boudas
  2 sleepcaps
  Terence (D:3)
  2 iguanas
  Natasha (thrice) (D:4)
  2 orc wizards
  Robin (D:2)
  9 gnolls
  10 adders
  2 shadow imps (D:5)
  A white imp (D:6)
  3 ufetubi (D:6)
  3 ribbon worms
  3 dart slugs
  10 orcs
  9 ball pythons
  12 endoplasms
  A giant cockroach (D:2)
  16 goblins
  11 hobgoblins
  13 jackals
  11 kobolds
  A quokka (D:2)
  6 bats
  3 frilled lizards
  6 rats
181 creatures vanquished.

Vanquished Creatures (others)
  3 ufetubi
3 creatures vanquished.

Grand Total: 184 creatures vanquished

Notes
Turn   | Place    | Note
-------+----------+-------------------------------------------
     0 | D:1      | Fractals the Mountain Dwarf Berserker began the quest for
                  | the Orb.
     0 | D:1      | Reached XP level 1. HP: 19/19 MP: 1/1
   121 | D:1      | Found Xood Nab's Assorted Antiques.
   148 | D:1      | Reached XP level 2. HP: 12/27 MP: 2/2
   263 | D:1      | Reached skill level 4 in Fighting
   753 | D:1      | Reached XP level 3. HP: 34/34 MP: 3/3
  1425 | D:2      | Found Meulokh's Magic Scroll Shop.
  1446 | D:2      | Reached ** piety under Trog
  1485 | D:2      | Bought a scroll of identify for 28 gold pieces
  1669 | D:2      | Noticed Sigmund
  1684 | D:2      | Killed Sigmund
  1685 | D:2      | Reached skill level 5 in Fighting
  1685 | D:2      | Reached XP level 4. HP: 25/44 MP: 4/4
  1685 | D:2      | Reached XP level 5. HP: 28/50 MP: 5/5
  2116 | D:2      | Identified the +8 chain mail of Delightful Birdsong {rF+
                  | Regen+ Str+2}
  2116 | D:2      | Noticed Robin
  2141 | D:2      | Killed Robin
  2315 | D:2      | Found a runed translucent door.
  2316 | D:2      | Noticed Crazy Yiuf
  2388 | D:2      | Reached skill level 6 in Fighting
  2584 | D:2      | Found a faded altar of an unknown god.
  2718 | D:2      | Reached XP level 6. HP: 57/57 MP: 6/6
  2821 | D:3      | Found a radiant altar of Vehumet.
  3367 | D:3      | Reached *** piety under Trog
  3381 | D:3      | Reached skill level 1 in Shields
  3545 | D:3      | Noticed Terence
  3553 | D:3      | Killed Terence
  3904 | D:4      | Noticed Natasha
  3915 | D:4      | Killed Natasha
  4007 | D:4      | Found an ornate altar of the Wu Jian Council.
  4096 | D:4      | Noticed Natasha
  4109 | D:4      | Killed Natasha
  4110 | D:4      | Reached skill level 7 in Fighting
  4110 | D:4      | Reached XP level 7. HP: 64/66 MP: 7/7
  4279 | D:4      | Noticed Natasha
  4295 | D:4      | Killed Natasha
  4352 | D:4      | Found a blossoming altar of Fedhas.
  4423 | D:5      | Entered Level 5 of the Dungeon
  4696 | D:5      | Reached skill level 8 in Fighting
  4843 | D:5      | Found a transporter.
  4910 | D:5      | Found a white marble altar of Elyvilon.
  4910 | D:5      | Found a transporter.
  4928 | D:5      | Reached XP level 8. HP: 51/74 MP: 8/8
  4978 | D:5      | Reached skill level 5 in Axes
  5517 | D:6      | Found a staircase to the Ecumenical Temple.
  5558 | D:6      | Found a transporter.
  5589 | D:6      | Found a transporter.
  5674 | D:6      | Found Naut's Antique Armour Boutique.
  5969 | D:6      | Reached **** piety under Trog
  5970 | D:6      | Reached skill level 9 in Fighting
  6044 | D:6      | Bought a pair of boots for 85 gold pieces
  6233 | D:6      | Reached XP level 9. HP: 72/83 MP: 9/9
  6979 | D:7      | Reached skill level 10 in Fighting
  7094 | D:7      | Reached skill level 1 in Evocations
  7294 | D:7      | Found a flagged portal.
  7560 | D:7      | Reached skill level 5 in Shields
  7978 | D:8      | Noticed a meliai
  7978 | D:8      | Noticed a meliai
  7978 | D:8      | Noticed a meliai
  8266 | D:7      | Killed a meliai
  8354 | D:7      | Killed a meliai
  8472 | D:8      | Reached skill level 5 in Dodging
  8472 | D:8      | Reached XP level 10. HP: 80/94 MP: 10/10
  8536 | D:7      | Killed from afar by a meliai

Illustrated notes

Levels and vault maps discovered:
D:1:      dpeg_arrival_water_temple_mockup, layout_basic, serial_shops, shop,
          minmay_door_square, nrook_mini_vaults
D:2:      layout_basic, serial_shops, shop, shapermc_ecumenical_altar_petra,
          minmay_randomly_rotated_circles, uniq_robin, uniq_sigmund,
          uniq_crazy_yiuf_cottage
D:3:      layout_loops_ring, vehumet_statue, serial_rivers,
          chequers_serial_rivers_micro_c, chequers_serial_rivers_large_b,
          chequers_serial_rivers_micro_e, chequers_serial_rivers_small_b,
          chequers_serial_rivers_micro_a, chequers_serial_rivers_micro_e,
          palyth_stone_intersect, patterned_corridor, uniq_terence
D:4:      layout_cave_pools, mainiacjoe_overflow_boulevard,
          kennysheep_mini_moat, serial_glass, glass_columns_c, glass_columns_b,
          uniq_natasha
D:5:      layout_layer_cave, elyvilon_altar_4
D:6:      gammafunk_steamed_eel, layout_gridville,
          minmay_temple_entry_large_hall, corner_web_ring,
          nicolae_lava_and_water, nicolae_inconvenience_store,
          amcnicky_mini_pool_medium
D:7:      layout_layer_cave, enter_bailey_3
D:8:      cheibrodos_barr_body, layout_cave_pools, old_standard_altar,
          nicolae_transporter_intersection

Skill      XL: |  1  2  3  4  5  6  7  8  9 |
---------------+----------------------------+-----
Axes           | 4 7 8 |  8.0
Fighting       | 4 5 6 7 8 9 10 | 10.9
Dodging        | 2 3 4 5 |  5.1
Shields        | 3 4 5 |  5.5
Armour         | 4 |  4.0
Evocations     | 3 |  3.0

Action                     |  1- 3 |  4- 6 |  7- 9 | 10-12 || total
---------------------------+-------+-------+-------+-------++-------
  Melee: Hand axe          |   144 |   246 |   403 |       ||   793
         War axe           |       |       |   109 |    13 ||   122
 Invoke: Berserk           |     2 |     2 |     2 |       ||     6
         Trog's Hand       |       |       |     1 |     1 ||     2
  Evoke: Wand              |       |       |     1 |       ||     1
    Use: Scroll            |     2 |     6 |     6 |       ||    14
         Potion            |       |     1 |     1 |     1 ||     3
 Armour: Animal skin       |    43 |       |       |       ||    43
         Leather armour    |    64 |    35 |       |       ||    99
         Chain mail        |       |   154 |   514 |    42 ||   710
  Dodge: Dodged            |    82 |   106 |   271 |    20 ||   479
  Block: Buckler           |       |    31 |   154 |    11 ||   196

Table legend: (Time is in decaauts)
 A = Elapsed time spent in this place.
 B = Non-inter-level travel time spent in this place.
 C = Inter-level travel time spent in this place.
 D = Time resting spent in this place.
 E = Time spent auto-exploring this place.
 F = Levels seen in this place.
 G = Mean time per level.
                   A        B        C        D        E       F      G
               +--------+--------+--------+--------+--------+-----+--------+
         Total |   8709 |   8446 |    263 |   1171 |   4981 |   8 | 1088.6 |
       Dungeon |   8709 |   8446 |    263 |   1171 |   4981 |   8 | 1088.6 |
               +--------+--------+--------+--------+--------+-----+--------+

Top non-repeatable levels by time:
     D:2: 1583 daAuts
     D:6: 1555 daAuts
     D:7: 1379 daAuts
     D:1: 1263 daAuts
     D:5: 1122 daAuts
     D:3: 1119 daAuts
     D:4: 572 daAuts
     D:8: 113 daAuts
